 Dungeon Crawl Stone Soup version 0.31-a0-4-gefa6de2278 (webtiles) character file.

Game seed: 6015283667266325524

127 Juicyj the Charlatan (level 5, -1/21 (40) HPs)
             Began as a Gnoll Wanderer on May 3, 2023.
             Slain by a scorpion (5 damage)
             ... on level 2 of the Dungeon.
             The game lasted 00:03:12 (1988 turns).

Juicyj the Charlatan (Gnoll Wanderer)               Turns: 1988, Time: 00:03:13

HP:   -1/21 (40)    AC:  5    Str: 15    XL:     5   Next: 11%
MP:   3/12          EV: 13    Int: 14    God:
Gold: 112           SH:  0    Dex:  9    Spells: 13/14 levels left

rFire   . . .        m - +0 short sword (speed)
rCold   . . .        (no shield)
rNeg    . . .        c - +0 robe
rPois   +            (no helmet)
rElec   .            f - +0 cloak
rCorr   .            (no gloves)
SInv    .            (no boots)
Will    .....        (no amulet)
Stlth   +            (no ring)
HPRegen 0.23/turn    (no ring)
MPRegen 0.13/turn

%: no passive effects
@: very heavily drained
A: fangs 1, strong nose, distributed training, iridescent scales 1, poison
resistance, strong 1, MP-powered wands
a: no special abilities


You were on level 2 of the Dungeon.
You visited 1 branch of the dungeon, and saw 3 of its levels.

You collected 112 gold pieces.

Inventory:

Hand Weapons
 a - a +0 dagger
 h - a +0 dagger of venom
 m - a +0 short sword of speed (weapon)
Missiles
 o - a throwing net
Armour
 c - a +0 robe (worn)
 f - a +0 cloak (worn)
Wands
 d - a wand of polymorph (3)
Scrolls
 e - a scroll of identify
 l - a scroll of fog
 p - a scroll of torment
Potions
 g - a potion of curing
 n - a potion of cancellation
 q - a potion of resistance


   Skills:
 + Level 2.9 Fighting
 + Level 1.4 Short Blades
 + Level 1.4 Long Blades
 + Level 1.4 Axes
 + Level 1.4 Maces & Flails
 + Level 1.4 Polearms
 + Level 1.4 Staves
 + Level 1.4 Ranged Weapons
 + Level 1.4 Throwing
 + Level 1.4 Armour
 + Level 4.7 Dodging
 + Level 1.4 Stealth
 + Level 1.4 Shields
 + Level 1.4 Unarmed Combat
 + Level 5.2 Spellcasting
 + Level 3.9 Conjurations
 + Level 1.1 Hexes
 + Level 1.1 Summonings
 + Level 1.1 Necromancy
 + Level 1.1 Translocations
 + Level 1.1 Transmutations
 + Level 1.1 Fire Magic
 + Level 1.1 Ice Magic
 + Level 1.1 Air Magic
 + Level 1.1 Earth Magic
 + Level 1.1 Poison Magic
 + Level 1.6 Invocations
 + Level 6.7 Evocations


You had 13 spell levels left.
You knew the following spells:

 Your Spells              Type           Power      Damage    Failure   Level
a - Kiss of Death         Conj/Necr      40%        2d8       6%          1

Your spell library contained the following spells:

 Spells                   Type           Power      Damage    Failure   Level
 Summon Small Mammal      Summ           24%        N/A       11%         1
 Stone Arrow              Conj/Erth      20%        3d8       19%         3
 Call Canine Familiar     Summ           6%         N/A       32%         3
 Summon Guardian Golem    Hex/Summ       6%         N/A       32%         3
 Sticky Flame             Conj/Fire      10%        2d3       52%         4
 Manifold Assault         Tloc           6%         N/A       71%         4
 Dispersal                Tloc           3%         N/A       100%        6
 Disjunction              Tloc           3%         N/A       100%        8


Dungeon Overview and Level Annotations

Branches:
Dungeon (3/15)

Altars:


Innate Abilities, Weirdness & Mutations

You have very sharp teeth.
Your uncanny sense of smell can sniff out nearby items.
Your experience applies equally to all skills.
You are partially covered in iridescent scales. (AC +2)
Your system is resistant to poisons. (rPois)
Your muscles are strong. (Str +4, Int/Dex -1)
You expend magic power (3 MP) to strengthen your wands.


Message History

Read: scroll of summoning
Press: ? - help, Q - select action, (/) - cycle Dir - look around, f - activate Look: an orc, wielding a +0 club and wearing a +2 leather armour of poison resistance
As you read the scroll of summoning, it crumbles to dust.
Wisps of shadow whirl around you... The orc closely misses you.
You hear some strange, mumbled words.
Something tries to affect you, but you resist.
The orc misses you. The orc hits you but does no damage.
The orc misses your kobold. The orc completely misses you.
Aiming: Polymorph
Press: ? - help, Q - select action, (/) - cycle Shift-Dir - straight line, p - orc You feel a surge of power!
Nothing appears to happen.
The orc hits you but does no damage. Something hits you.
The orc barely misses you.
The orc hits your kobold with a +0 hand axe.
The orc hits you but does no damage. x2
Your kobold hits the orc with a +0 short sword.
Your goblin hits something with a +0 dagger.
Aiming: Polymorph
Press: ? - help, Q - select action, (/) - cycle Shift-Dir - straight line You feel a surge of power!
Nothing appears to happen.
The orc misses you. Something hits you.
Your worm misses the orc. The orc misses you.
The orc barely misses your kobold. The orc completely misses you.
The orc barely misses you.
Your goblin barely misses something.
Your kobold hits the orc with a +0 short sword.
Aiming: Polymorph
Press: ? - help, Q - select action, (/) - cycle Shift-Dir - straight line You feel a surge of power!
A scorpion appears out of thin air!
Reactivating autopickup.
The scorpion misses you. The orc hits you with a +0 short sword.
* * * LOW HITPOINT WARNING * * *
The orc misses you. The orc closely misses your kobold.
The orc barely misses you. The orc hits you but does no damage.
Your kobold hits the orc with a +0 short sword.
Your goblin closely misses the scorpion.
You hit the scorpion but do no damage.
Your worm barely misses the orc.
The scorpion stings you.
You die...

.# #.###.#.# #.#.# #. .#
#.....#.# #.#.# #. .#
#######.# #.#.# #####.
.# #.# #...# ##...'. .#
#.# ##..# ######..###.
.# #.# #..# #......## #.
.# #.# #w.####.###### ##
.#########.#####ooK....#
...............o@o######
##########.######s#
#)#..†.#g#
##########.#.##.#.#
..............#.#.#
##########.####.#.#
......# #......#.#
#####.# ########.#####
#.# #.#...#


You could see a scorpion, 4 orcs, a friendly worm (summoned), a friendly goblin
(summoned) and a friendly kobold (summoned).

Vanquished Creatures
  Natasha (thrice) (D:2)
  2 adders (D:2)
  2 ball pythons
  An endoplasm (D:1)
  3 giant cockroaches
  7 hobgoblins
  2 quokkas (D:1)
  5 bats
  2 frilled lizards
  3 goblins
  3 kobolds (D:1)
  5 rats
38 creatures vanquished.

Notes
Turn   | Place    | Note
-------+----------+-------------------------------------------
     0 | D:1      | Juicyj the Gnoll Wanderer began the quest for the Orb.
     0 | D:1      | Juicyj set off with the following items: a +0 dagger, a
                  | potion of heal wounds, a +0 robe, a wand of polymorph (7);
                  | and the following spell memorised: Kiss of Death; and the
                  | following spells available to memorise: Stone Arrow, Sticky
                  | Flame.
     0 | D:1      | Reached XP level 1. HP: 17/17 MP: 6/6
   181 | D:1      | Reached XP level 2. HP: 23/23 MP: 7/7
   728 | D:2      | Reached skill level 5 in Spellcasting
   728 | D:2      | Reached XP level 3. HP: 13/25 MP: 6/9
   801 | D:2      | Noticed Sigmund
   812 | D:2      | Sigmund changed into Sigmund the hobgoblin
   812 | D:2      | Noticed Sigmund
   814 | D:2      | Killed Sigmund the hobgoblin
   929 | D:2      | Reached skill level 1 in Invocations
  1500 | D:2      | Noticed Natasha
  1516 | D:2      | HP: 1/26 [cerulean imp/+1 spear[Natasha] (3)]
  1517 | D:2      | Killed Natasha
  1518 | D:2      | Reached skill level 1 in Short Blades
  1518 | D:2      | Reached skill level 1 in Long Blades
  1518 | D:2      | Reached skill level 1 in Axes
  1518 | D:2      | Reached skill level 1 in Maces & Flails
  1518 | D:2      | Reached skill level 1 in Polearms
  1518 | D:2      | Reached skill level 1 in Staves
  1518 | D:2      | Reached skill level 1 in Ranged Weapons
  1518 | D:2      | Reached skill level 1 in Throwing
  1518 | D:2      | Reached skill level 1 in Armour
  1518 | D:2      | Reached skill level 1 in Stealth
  1518 | D:2      | Reached skill level 1 in Shields
  1518 | D:2      | Reached skill level 1 in Unarmed Combat
  1518 | D:2      | Reached XP level 4. HP: 2/30 MP: 9/11
  1740 | D:2      | Noticed Natasha
  1748 | D:2      | Killed Natasha
  1749 | D:2      | Reached skill level 1 in Hexes
  1749 | D:2      | Reached skill level 1 in Summonings
  1749 | D:2      | Reached skill level 1 in Necromancy
  1749 | D:2      | Reached skill level 1 in Translocations
  1749 | D:2      | Reached skill level 1 in Transmutations
  1749 | D:2      | Reached skill level 1 in Fire Magic
  1749 | D:2      | Reached skill level 1 in Ice Magic
  1749 | D:2      | Reached skill level 1 in Air Magic
  1749 | D:2      | Reached skill level 1 in Earth Magic
  1749 | D:2      | Reached skill level 1 in Poison Magic
  1768 | D:2      | Noticed Natasha
  1779 | D:2      | Killed Natasha
  1780 | D:2      | Reached XP level 5. HP: 4/21 MP: 9/12
  1916 | D:2      | Gained mutation: You expend magic power (3 MP) to
                  | strengthen your wands. [potion of mutation]
  1916 | D:2      | Gained mutation: Your muscles are strong. (Str +4, Int/Dex
                  | -1) [potion of mutation]
  1916 | D:2      | Gained mutation: Your system is resistant to poisons.
                  | (rPois) [potion of mutation]
  1916 | D:2      | Gained mutation: You are partially covered in iridescent
                  | scales. (AC +2) [potion of mutation]
  1988 | D:2      | Slain by a scorpion

Illustrated notes

Levels and vault maps discovered:
D:1:      eino_arrival_cavern_b, layout_rooms, hangedman_decor_growths
D:2:      minmay_evil_eye, layout_basic, uniq_natasha, uniq_sigmund
D:3:      layout_basic, trog_book, gammafunk_ghost_grave

Skill      XL: |  1  2  3  4 |
---------------+-------------+-----
Spellcasting   | 5 |  5.2
Invocations    | 1 |  1.6
Short Blades   | 1 |  1.4
Long Blades    | 1 |  1.4
Axes           | 1 |  1.4
Maces & Flails | 1 |  1.4
Polearms       | 1 |  1.4
Staves         | 1 |  1.4
Ranged Weapons | 1 |  1.4
Throwing       | 1 |  1.4
Armour         | 1 |  1.4
Stealth        | 1 |  1.4
Shields        | 1 |  1.4
Unarmed Combat | 1 |  1.4
Hexes          | 1 |  1.1
Summonings     | 1 |  1.1
Necromancy     | 1 |  1.1
Translocations | 1 |  1.1
Transmutations | 1 |  1.1
Fire Magic     | 1 |  1.1
Ice Magic      | 1 |  1.1
Air Magic      | 1 |  1.1
Earth Magic    | 1 |  1.1
Poison Magic   | 1 |  1.1
Fighting       | |  2.9
Dodging        | |  4.7
Conjurations   | |  3.9
Evocations     | |  6.7

Action                     |  1- 3 |  4- 6 || total
---------------------------+-------+-------++-------
  Melee: Dagger            |    50 |       ||    50
         Short sword       |   119 |    36 ||   155
         Bite              |    13 |     2 ||    15
         Punch             |     1 |       ||     1
   Cast: Kiss of Death     |     2 |     4 ||     6
  Evoke: Wand              |     1 |     3 ||     4
    Use: Potion            |     5 |     2 ||     7
         Scroll            |     4 |     1 ||     5
   Stab: Sleeping          |     3 |       ||     3
 Armour: Robe              |    31 |    20 ||    51
  Dodge: Dodged            |   111 |    51 ||   162

Table legend: (Time is in decaauts)
 A = Elapsed time spent in this place.
 B = Non-inter-level travel time spent in this place.
 C = Inter-level travel time spent in this place.
 D = Time resting spent in this place.
 E = Time spent auto-exploring this place.
 F = Levels seen in this place.
 G = Mean time per level.
                   A        B        C        D        E       F      G
               +--------+--------+--------+--------+--------+-----+--------+
         Total |   1948 |   1862 |     86 |     15 |   1465 |   3 |  649.3 |
       Dungeon |   1948 |   1862 |     86 |     15 |   1465 |   3 |  649.3 |
               +--------+--------+--------+--------+--------+-----+--------+

Top non-repeatable levels by time:
     D:2: 1246 daAuts
     D:1: 694 daAuts
     D:3: 7 daAuts
